 Dungeon Crawl Stone Soup version 0.21.3-3-g218456f21e (webtiles) character file.

214152 wlmhamsi the Protected (level 18, -8/141 HPs)
             Began as a Gnoll Wanderer on Jan 18, 2022.
             Was the Champion of Okawaru.
             Mangled by an iron troll (24 damage)
             ... on level 1 of the Depths on Apr 12, 2022.
             The game lasted 22:01:55 (57564 turns).

wlmhamsi the Protected (Gnoll Wanderer)            Turns: 57564, Time: 22:02:24

Health: -8/141     AC: 32    Str: 18    XL:     18   Next: 98%
Magic:  0/34       EV: 19    Int: 20    God:    Okawaru [******]
Gold:   1895       SH: 17    Dex: 33    Spells: 28/41 levels left

rFire    + . .     SeeInvis .   a - +5 whip (elec)
rCold    + + .     Gourm    .   e - +2 shield {rC+ rF+}
rNeg     . . .     Faith    .   J - +8 chain mail "Horutiokk" {rElec rCorr Dex+7}
rPois    +         Spirit   +   Q - +1 helmet
rElec    +         Reflect  .   A - +1 cloak {+Inv}
rCorr    +         Harm     .   q - +2 pair of gloves
MR       ++...                  v - +0 pair of boots of Duezuech {rElec rCorr Dex+3}
Stlth    ++++......             w - amulet of Esilil {Spirit MR+}
HPRegen  0.33/turn              V - ring "Yjoixt" {rPois Int+4 Dex+5 Stlth+}
MPRegen  0.24/turn              l - ring of protection from cold

@: studying Armour
A: distributed training, fangs 1, strong nose
}: 1/15 runes: decaying
a: Heroism, Finesse, Renounce Religion, Evoke Invisibility


You were on level 1 of the Depths.
You worshipped Okawaru.
Okawaru was exalted by your worship.
You were not hungry.

You visited 8 branches of the dungeon, and saw 34 of its levels.
You also visited: Labyrinth and Sewer.

You collected 3394 gold pieces.
You spent 1499 gold pieces at shops.

Inventory:

Hand Weapons
 a - a +5 whip of electrocution (weapon)
 b - the +8 hunting sling of Callousness {flame, MR+}
   (You found it on level 2 of the Lair of Beasts)

   It causes projectiles fired from it to burn those they strike, causing extra
   injury to most foes and up to half again as much damage against particularly
   susceptible opponents.
   It affects your resistance to hostile enchantments.
 W - a +1 scimitar of holy wrath
Missiles
 h - 340 stones
 t - 8 javelins of returning (quivered)
 X - 6 silver javelins
Armour
 e - a +2 shield of resistance (worn)
 q - a +2 pair of gloves (worn)
 v - the +0 pair of boots of Duezuech (worn) {rElec rCorr Dex+3}
   (Okawaru gifted it to you on level 1 of the Lair of Beasts)

   It affects your dexterity (+3).
   It insulates you from electricity.
   It protects you from acid and corrosion.
 A - a +1 cloak of invisibility (worn)
 H - +0 ice dragon scales
 J - the +8 chain mail "Horutiokk" (worn) {rElec rCorr Dex+7}
   (Okawaru gifted it to you on level 4 of the Lair of Beasts)

   It affects your dexterity (+7).
   It insulates you from electricity.
   It protects you from acid and corrosion.
 Q - a +1 helmet (worn)
Jewellery
 l - a ring of protection from cold (right hand)
 n - an uncursed ring of see invisible
 w - the amulet of Esilil (around neck) {Spirit MR+}
   (You found it on level 4 of the Lair of Beasts)

   [amulet of guardian spirit]

   It causes incoming damage to be split between your health and magic.
   It affects your resistance to hostile enchantments.
 T - an uncursed ring of protection from fire
 U - an uncursed ring of protection from magic
 V - the ring "Yjoixt" (left hand) {rPois Int+4 Dex+5 Stlth+}
   (You bought it in a shop on level 2 of the Orcish Mines)

   [ring of poison resistance]

   It affects your intelligence (+4).
   It affects your dexterity (+5).
   It protects you from poison.
   It makes you more stealthy.
 Y - an uncursed ring of flight
Wands
 i - a wand of iceblast (36)
 j - a wand of digging (1)
 D - a wand of enslavement (4)
 E - a wand of disintegration (36)
 N - a wand of scattershot (10)
 O - a wand of acid (14)
 P - a wand of polymorph (14)
 R - a wand of paralysis (1)
Scrolls
 c - 2 scrolls of fog
 g - 2 scrolls of holy word
 k - 4 scrolls of magic mapping
 u - 19 scrolls of teleportation
 y - 13 scrolls of remove curse
 L - 2 scrolls of blinking
 M - 8 scrolls of fear
Potions
 d - 11 potions of curing
 m - a potion of invisibility
 r - 3 potions of agility
 x - 5 potions of might
 B - 6 potions of heal wounds
 F - a potion of haste
 G - a potion of lignification
 K - 2 potions of berserk rage
Books
 o - a manual of
Armour
 p - a book of Maledictions

   Spells                             Type                      Level
   a - Corona                         Hexes                        1
   b - Ensorcelled Hibernation        Hexes/Ice                    2
   c - Confuse                        Hexes                        3
   d - Tukima's Dance                 Hexes                        3
   e - Dazzling Spray                 Conjuration/Hexes            3
 S - the Reference Book on Translocation and the Glacier
   (You found it on level 1 of the Orcish Mines)

   Spells                             Type                      Level
   a - Apportation                    Translocation                1
   b - Blink                          Translocation                2
   c - Recall                         Summoning/Translocation      3
   d - Bolt of Cold                   Conjuration/Ice              6
   e - Controlled Blink               Translocation                8
Miscellaneous
 s - 2 sacks of spiders
 z - a lightning rod (4/4)
 C - a lamp of fire (inert)
 I - a box of beasts
 Z - a fan of gales
Comestibles
 f - 49 rations


   Skills:
 + Level 12.5 Fighting
 + Level 12.5 Short Blades
 + Level 12.3 Long Blades
 + Level 13.6 Axes
 + Level 12.3 Maces & Flails
 + Level 12.3 Polearms
 + Level 12.3 Staves
 + Level 12.3 Slings
 + Level 12.3 Bows
 + Level 12.3 Crossbows
 + Level 12.3 Throwing
 + Level 14.9 Armour
 + Level 12.5 Dodging
 + Level 12.5 Stealth
 + Level 12.5 Shields
 + Level 12.3 Unarmed Combat
 + Level 12.3 Spellcasting
 + Level 10.5 Conjurations
 + Level 10.5 Hexes
 + Level 10.5 Charms
 + Level 10.5 Summonings
 + Level 10.5 Necromancy
 + Level 10.5 Translocations
 + Level 10.5 Transmutations
 + Level 10.5 Fire Magic
 + Level 10.5 Ice Magic
 + Level 10.5 Air Magic
 + Level 10.5 Earth Magic
 + Level 10.5 Poison Magic
 + Level 13.3 Invocations
 + Level 12.5 Evocations


You had 28 spell levels left.
You knew the following spells:

 Your Spells              Type           Power        Failure   Level  Hunger
a - Magic Dart            Conj           ####         1%          1    None
b - Blink                 Tloc           N/A          1%          2    None
c - Confuse               Hex            ######..     1%          3    None
e - Ensorcelled Hibernat  Hex/Ice        ######       1%          2    None
m - Mephitic Cloud        Conj/Pois/Air  ######..     1%          3    None
o - Corona                Hex            ######.      1%          1    None
y - Apportation           Tloc           ######       1%          1    None


Dungeon Overview and Level Annotations

Branches:
Dungeon (15/15)            Temple (0/1) D:6            Lair (6/6) D:11
  Swamp (4/4) Lair:2       Spider (4/4) Lair:3        Slime (0/5) Lair:5
    Orc (2/2) D:11            Elf (1/3) Orc:2        Vaults (1/5) D:14
 Depths (1/5) D:15

Altars:
Ashenzari
Cheibriados
Hepliaklqana
Makhleb
Okawaru
Ru
Sif Muna
Uskayaw
Vehumet
Wu Jian
Yredelemnul
Beogh

Shops:
D:5 :   D:13 [*=%   D:14 %   D:15 *   Orc:1 ?   Orc:2 ([[=

Annotations:
D:9 1 runed door
Lair:1 2 transporters
Depths:1 Mara


Innate Abilities, Weirdness & Mutations

Your experience applies equally to all skills.
You have very sharp teeth.
Your uncanny sense of smell can sniff out nearby items.


Message History

Lightning courses through the iron troll!
You bite the iron troll, but do no damage.
The iron troll is heavily wounded.
The iron troll completely misses you. You block the iron troll's attack.
The iron troll claws you but does no damage.
You hit the iron troll but do no damage.
You bite the iron troll, but do no damage.
The iron troll is heavily wounded.
You hit the iron troll.
The iron troll is severely wounded.
You block the iron troll's attack. The iron troll closely misses you.
You block the iron troll's attack.
You hit the iron troll.
Lightning courses through the iron troll!
The iron troll is severely wounded.
The iron troll bites you!!
* * * LOW HITPOINT WARNING * * *
The iron troll claws you but does no damage.
The iron troll claws you!!
You die...

..####.........#
..#...........####
.#..............##
##.#.............#.##
................?#..#
!.u.................#
... ................#
... ...............#
... ..........@...#
... ........[T...#
.#. .#......(...# .#
#.#.(..(..># .#
####..((...#
...((..># ...((....#
....(((...#


You could see an iron troll.

Vanquished Creatures
  Jorgrun (Swamp:2)
  Rupert (D:14)
  Kirke (D:15)
  Donald (Swamp:3)
  A thorn hunter (Swamp:3)
  2 azure jellies (Swamp:4)
  5 emperor scorpions
  A frost giant (Depths:1)
  Louise (Swamp:2)
  2 ghost moths (Spider:4)
  3 orc warlords
  4 very ugly things (Depths:1)
  A stone giant (D:14)
  An entropy weaver (Spider:2)
  The ghost of MordorOrchid the Quickloader, a journeyman GnWn of Uskayaw (Lair:5)
  2 ettins
  A minotaur (Lab)
  The ghost of wlmhamsi the Nimble, a journeyman GnWn of Vehumet (D:12)
  Josephine (D:14)
  A yaktaur captain (D:14)
  Erolcha (D:10)
  2 ice dragons (Swamp:4)
  15 hydras
  7 ghost crabs
  A catoblepas (D:14)
  A centaur warrior (D:15)
  2 death knights
  A dancing weapon (Elf:1)
  6 alligators
  A deep troll shaman (Depths:1)
  12 two-headed ogres
  3 tengu warriors
  An ogre mage (Orc:1)
  A death yak (D:14)
  5 orc high priests
  A deep elf knight (Elf:1)
  Nergalle (Orc:1)
  A skeletal warrior (D:14)
  3 deep trolls (Depths:1)
  6 spriggan druids
  2 unseen horrors
  4 swamp dragons
  A lindwurm (Lair:6)
  A flayed ghost (Vaults:1)
  A wizard (Lair:6)
  2 shambling mangroves
  A wolf spider zombie (D:14)
  7 orc knights (D:14)
  16 orb spiders
  6 cyclopes
  A manticore (D:15)
  8 oklob plants
  30 wolf spiders
  3 deep elf magi
  2 orc sorcerers
  10 elephants
  9 ugly things
  3 apocalypse crabs (Swamp:3)
  A moth of wrath (Spider:1)
  3 torpor snails
  5 black mambas
  A gargoyle (D:12)
  18 spiny frogs
  A centaur skeleton (D:14)
  5 rime drakes
  7 komodo dragons
  A kobold demonologist (D:13)
  5 demonic crawlers
  8 yaktaurs
  6 freezing wraiths
  4 tengu conjurers
  A merfolk (shapeshifter) (Vaults:1)
  The ghost of Sapher the Grave Robber, a novice VSNe of Sif Muna (D:13)
  3 meliai (Spider:2)
  2 queen bees
  A jumping spider (shapeshifter) (D:14)
  A harpy skeleton (D:15)
  23 hornets
  13 trolls
  7 tyrant leeches
  39 jumping spiders
  4 bog bodies
  3 polar bears
  14 slime creatures
  13 hippogriffs
  10 blink frogs
  78 redbacks
  The ghost of Sapher the Grave Robber, an amateur DENe (D:6)
  5 centaur simulacra (D:14)
  5 wraiths (D:14)
  3 shadows
  28 tarantellas
  A spriggan (shapeshifter) (D:13)
  41 yaks
  5 spriggans
  8 wyverns
  2 basilisks
  6 fire bats (Lair:3)
  2 fire elementals
  2 hungry ghosts
  A redback simulacrum (D:14)
  3 swamp worm simulacra (Swamp:4)
  11 vampire mosquitoes
  4 wargs
  18 swamp worms
  9 water moccasins
  A hell hound (Lair:6)
  An acid dragon (D:12)
  9 insubstantial wisps
  2 soldier ants
  12 hydra simulacra (Swamp:4)
  50 orc warriors
  A meliai simulacrum (D:14)
  6 porcupines
  11 swamp drakes
  18 ice beasts
  3 sky beasts
  An eye of draining (D:12)
  Purgy (Sewer)
  2 black bears
  A wolf (Lair:4)
  8 necrophages
  A phantom (D:11)
  7 centaurs
  23 ogres
  12 crocodiles
  A big kobold (D:9)
  21 bullfrogs
  A gnoll sergeant (D:9)
  4 scorpions
  38 killer bees
  8 wights
  4 electric eels
  3 howler monkeys
  A lava snake (Lair:3)
  3 bullfrog zombies
  11 crimson imps
  A quasit (D:8)
  2 centaur zombies (D:12)
  6 hounds
  29 orc wizards
  2 jellies
  25 orc priests
  A bullfrog skeleton (D:12)
  Jessica (D:3)
  2 iguanas
  4 hell rats (Lair:5)
  15 worker ants
  A killer bee zombie (D:6)
  An ogre zombie (Orc:1)
  3 hound skeletons
  A hound zombie (D:7)
  3 mummies (D:12)
  A howler monkey zombie (D:6)
  A worker ant zombie (D:8)
  A howler monkey skeleton (D:8)
  9 gnolls
  12 adders
  A river rat (D:6)
  5 shadow imps
  4 white imps (D:14)
  5 swamp drake simulacra (Swamp:4)
  2 ufetubi (D:14)
  3 worms (D:2)
  3 dart slugs
  8 leopard geckos
  123 orcs
  3 giant cockroaches
  4 goblins
  4 hobgoblins
  24 jackals
  9 kobolds
  8 quokkas
  A ball python (D:3)
  7 bats
  3 frilled lizards
  A goblin skeleton (D:9)
  A goblin zombie (D:9)
  A jackal skeleton (D:9)
  A quokka skeleton (D:7)
  11 rats
  A fire vortex (Lair:3)
  A fungus (Lair:6)
  6 plants
1269 creatures vanquished.

Vanquished Creatures (collateral kills)
  2 killer bees (D:14)
2 creatures vanquished.

Vanquished Creatures (others)
  A redback (Spider:1)
  3 hogs (D:15)
  3 humans (D:15)
  A water moccasin (D:15)
  A wyvern zombie (D:15)
  An orc (D:7)
  A bush (Lair:2)
  11 fungi
  18 plants
40 creatures vanquished.

Grand Total: 1311 creatures vanquished

Notes
Turn   | Place    | Note
-------+----------+-------------------------------------------
     0 | D:1      | wlmhamsi the Gnoll Wanderer began the quest for the Orb.
     0 | D:1      | wlmhamsi set off with: a wand of flame (15), a +0 falchion, a +0 hand axe, a +0 robe, a ration
     0 | D:1      | Reached XP level 1. HP: 17/17 MP: 2/2
   420 | D:1      | Reached XP level 2. HP: 22/23 MP: 3/3
  1233 | D:2      | Reached XP level 3. HP: 28/28 MP: 4/4
  1800 | D:2      | Learned a level 1 spell: Corona
  1803 | D:2      | Learned a level 2 spell: Ensorcelled Hibernation
  1995 | D:2      | Reached skill level 1 in Invocations
  2059 | D:2      | Found a faded altar of an unknown god.
  2464 | D:2      | Reached skill level 1 in Long Blades
  2464 | D:2      | Reached skill level 1 in Maces & Flails
  2464 | D:2      | Reached skill level 1 in Polearms
  2464 | D:2      | Reached skill level 1 in Staves
  2464 | D:2      | Reached skill level 1 in Slings
  2464 | D:2      | Reached skill level 1 in Bows
  2464 | D:2      | Reached skill level 1 in Crossbows
  2464 | D:2      | Reached skill level 1 in Throwing
  2464 | D:2      | Reached skill level 1 in Unarmed Combat
  2464 | D:2      | Reached skill level 1 in Spellcasting
  2464 | D:2      | Reached XP level 4. HP: 17/34 MP: 4/6
  3172 | D:3      | Noticed Jessica
  3182 | D:3      | Killed Jessica
  3182 | D:3      | Reached skill level 1 in Conjurations
  3182 | D:3      | Reached skill level 1 in Hexes
  3182 | D:3      | Reached skill level 1 in Charms
  3182 | D:3      | Reached skill level 1 in Summonings
  3182 | D:3      | Reached skill level 1 in Necromancy
  3182 | D:3      | Reached skill level 1 in Translocations
  3182 | D:3      | Reached skill level 1 in Transmutations
  3182 | D:3      | Reached skill level 1 in Fire Magic
  3182 | D:3      | Reached skill level 1 in Ice Magic
  3182 | D:3      | Reached skill level 1 in Air Magic
  3182 | D:3      | Reached skill level 1 in Earth Magic
  3182 | D:3      | Reached skill level 1 in Poison Magic
  3275 | D:3      | Reached XP level 5. HP: 36/40 MP: 7/7
  4227 | D:4      | Reached skill level 3 in Armour
  4234 | D:4      | Found an iron altar of Okawaru.
  4254 | D:4      | Became a worshipper of Warmaster Okawaru
  4446 | D:4      | Reached XP level 6. HP: 40/47 MP: 8/8
  4980 | D:4      | Found a hazy altar of Hepliaklqana.
  5487 | D:5      | Entered Level 5 of the Dungeon
  5715 | D:5      | Found Kerum's Book Shoppe.
  5911 | D:5      | Noticed an ice beast
  6137 | D:5      | Reached XP level 7. HP: 49/52 MP: 10/10
  6869 | D:6      | Found a glowing drain.
  6879 | D:6      | Noticed Sapher's ghost (amateur DENe)
  6883 | Sewer    | Entered a sewer
  7043 | Sewer    | Noticed Purgy
  7055 | Sewer    | Killed Purgy
  7685 | D:6      | Reached * piety under Okawaru
  7685 | D:6      | Reached XP level 8. HP: 52/60 MP: 12/12
  8111 | D:6      | Reached skill level 4 in Armour
  8217 | D:6      | Found a staircase to the Ecumenical Temple.
  8497 | D:5      | Found a deep blue altar of Sif Muna.
  8497 | D:5      | Found an ornate altar of the Wu Jian Council.
  8498 | D:5      | Found a sacrificial altar of Ru.
  8867 | D:6      | Reached ** piety under Okawaru
  9075 | D:7      | Reached XP level 9. HP: 63/66 MP: 14/14
 10142 | D:7      | Reached skill level 5 in Fighting
 10142 | D:7      | Reached skill level 5 in Short Blades
 10142 | D:7      | Reached skill level 5 in Armour
 10142 | D:7      | Reached skill level 5 in Dodging
 10142 | D:7      | Reached skill level 5 in Shields
 10142 | D:7      | Reached skill level 5 in Evocations
 10260 | D:7      | Learned a level 3 spell: Confuse
 10524 | D:8      | Found a radiant altar of Vehumet.
 10691 | D:8      | Noticed a hornet
 10710 | D:8      | Reached *** piety under Okawaru
 10715 | D:8      | Reached skill level 5 in Stealth
 11042 | D:8      | Killed a hornet
 11042 | D:8      | Reached skill level 5 in Invocations
 11559 | D:8      | Reached XP level 10. HP: 69/74 MP: 17/17
 11678 | D:9      | Found a runed door.
 11687 | D:9      | Found a basalt altar of Yredelemnul.
 12046 | D:9      | Reached **** piety under Okawaru
 12360 | D:9      | Reached skill level 5 in Long Blades
 12360 | D:9      | Reached skill level 5 in Maces & Flails
 12360 | D:9      | Reached skill level 5 in Polearms
 12360 | D:9      | Reached skill level 5 in Staves
 12360 | D:9      | Reached skill level 5 in Slings
 12360 | D:9      | Reached skill level 5 in Bows
 12360 | D:9      | Reached skill level 5 in Crossbows
 12360 | D:9      | Reached skill level 5 in Throwing
 12360 | D:9      | Reached skill level 5 in Unarmed Combat
 12360 | D:9      | Reached skill level 5 in Spellcasting
 13065 | D:10     | Entered Level 10 of the Dungeon
 13199 | D:10     | Noticed Erolcha
 13205 | D:10     | Noticed a two-headed ogre
 13207 | D:10     | Killed Erolcha
 13207 | D:10     | Reached ***** piety under Okawaru
 13207 | D:10     | Reached skill level 6 in Armour
 13216 | D:10     | Killed a two-headed ogre
 14230 | D:10     | Reached XP level 11. HP: 80/82 MP: 19/19
 14462 | D:11     | Noticed a brown ugly thing
 14841 | D:11     | Found a staircase to the Orcish Mines.
 14895 | D:11     | Received a gift from Okawaru
 15143 | D:11     | Killed an unseen horror
 15143 | D:11     | Received a gift from Okawaru
 15321 | D:11     | Noticed a purple ugly thing
 15324 | D:11     | Reached skill level 5 in Conjurations
 15324 | D:11     | Reached skill level 5 in Hexes
 15324 | D:11     | Reached skill level 5 in Charms
 15324 | D:11     | Reached skill level 5 in Summonings
 15324 | D:11     | Reached skill level 5 in Necromancy
 15324 | D:11     | Reached skill level 5 in Translocations
 15324 | D:11     | Reached skill level 5 in Transmutations
 15324 | D:11     | Reached skill level 5 in Fire Magic
 15324 | D:11     | Reached skill level 5 in Ice Magic
 15324 | D:11     | Reached skill level 5 in Air Magic
 15324 | D:11     | Reached skill level 5 in Earth Magic
 15324 | D:11     | Reached skill level 5 in Poison Magic
 15663 | D:11     | Found a staircase to the Lair.
 15676 | Lair:1   | Entered Level 1 of the Lair of Beasts
 16422 | Lair:1   | Noticed a five-headed hydra
 16435 | Lair:1   | Killed a five-headed hydra
 16435 | Lair:1   | Received a gift from Okawaru
 16435 | Lair:1   | Reached skill level 7 in Armour
 16438 | Lair:1   | Got a pair of scorched boots {god gift}
 16444 | Lair:1   | Identified the +0 pair of boots of Duezuech {rElec rCorr Dex+3} (Okawaru gifted it to you on level 1 of the Lair of Beasts)
 16515 | Lair:1   | Found a transporter.
 16930 | Lair:1   | Found a transporter.
 17138 | Lair:2   | Noticed an oklob plant
 17138 | Lair:2   | Noticed an oklob plant
 17138 | Lair:2   | Noticed an oklob plant
 17138 | Lair:2   | Noticed an oklob plant
 17472 | Lair:2   | Noticed an eight-headed hydra
 17877 | Lair:2   | Reached XP level 12. HP: 70/91 MP: 22/22
 18226 | Lair:2   | Found a staircase to the Swamp.
 18795 | Lair:3   | Found a hole to the Spider Nest.
 19235 | Lair:3   | Noticed a seven-headed hydra
 19312 | Lair:2   | Killed an eight-headed hydra
 20232 | Lair:3   | Killed a seven-headed hydra
 20971 | Lair:4   | Got a warped scimitar
 21132 | Lair:4   | Got a coiled graven amulet
 21615 | Lair:5   | Identified the cursed +0 scimitar of Subjectivity {freeze, rElec} (You found it on level 4 of the Lair of Beasts)
 21780 | Lair:5   | Noticed MordorOrchid's ghost (journeyman GnWn)
 21901 | Lair:4   | Received a gift from Okawaru
 22026 | Lair:4   | Got a smoking chain mail {god gift}
 22038 | Lair:4   | Identified the +8 chain mail "Horutiokk" {rElec rCorr Dex+7} (Okawaru gifted it to you on level 4 of the Lair of Beasts)
 22097 | Lair:4   | Reached skill level 10 in Axes
 22097 | Lair:4   | Reached skill level 8 in Armour
 22394 | D:11     | Reached ****** piety under Okawaru
 22599 | D:6      | Killed Sapher's ghost
 22921 | D:12     | Noticed wlmhamsi's ghost (journeyman GnWn)
 22953 | Orc:1    | Entered Level 1 of the Orcish Mines
 22980 | Orc:1    | Noticed an ettin
 23009 | Orc:1    | Killed an ettin
 23009 | Orc:1    | Reached XP level 13. HP: 98/98 MP: 24/24
 23041 | Orc:1    | Noticed Nergalle
 23171 | Orc:1    | Killed Nergalle
 23197 | Orc:1    | Found Gicuh's Magic Scroll Shoppe.
 24873 | D:12     | Learned a level 2 spell: Blink
 24875 | D:12     | Learned a level 1 spell: Magic Dart
 25421 | D:13     | Received a gift from Okawaru
 25466 | D:13     | Noticed Sapher's ghost (novice VSNe)
 25629 | D:13     | Identified the amulet of Esilil {Spirit MR+} (You found it on level 4 of the Lair of Beasts)
 25915 | D:13     | Found Gaujefash's Food Emporium.
 25922 | D:13     | Found Vualiwn's Jewellery Shoppe.
 26112 | D:13     | Found Koosig's Assorted Antiques.
 26129 | D:13     | Bought a potion of heal wounds for 165 gold pieces
 26129 | D:13     | Bought a wand of acid (8) for 264 gold pieces
 26374 | D:13     | Killed Sapher's ghost
 26418 | D:13     | Found Pamihass's Antique Armour Emporium.
 27267 | Orc:1    | Reached skill level 9 in Armour
 27331 | Orc:1    | Reached XP level 14. HP: 85/108 MP: 22/26
 27391 | Orc:1    | Identified the Reference Book on Translocation and the Glacier
 27514 | Orc:1    | Noticed an orc warlord
 27528 | Orc:1    | Killed an orc warlord
 27638 | Orc:1    | Bought a scroll of identify for 26 gold pieces
 27638 | Orc:1    | Bought a scroll of identify for 26 gold pieces
 27638 | Orc:1    | Bought a scroll of fear for 45 gold pieces
 27638 | Orc:1    | Bought a scroll of identify for 26 gold pieces
 27638 | Orc:1    | Bought a scroll of identify for 26 gold pieces
 27728 | Orc:1    | Learned a level 3 spell: Mephitic Cloud
 27802 | Orc:2    | Entered Level 2 of the Orcish Mines
 27802 | Orc:2    | Found a staircase to the Elven Halls.
 28292 | Orc:2    | Found a roughly hewn altar of Beogh.
 28338 | Orc:2    | Found a roughly hewn altar of Beogh.
 28355 | Orc:2    | Received a gift from Okawaru
 28367 | Orc:2    | Got a polished scale mail {god gift}
 28394 | Orc:2    | Identified the +4 scale mail of Qups {Str+2} (Okawaru gifted it to you on level 2 of the Orcish Mines)
 28520 | Orc:2    | Found a roughly hewn altar of Beogh.
 28687 | Orc:2    | Found a roughly hewn altar of Beogh.
 28687 | Orc:2    | Found Zuuda's Armour Boutique.
 29062 | Orc:2    | Found a roughly hewn altar of Beogh.
 29207 | Orc:2    | Found a roughly hewn altar of Beogh.
 29269 | Orc:2    | Found Camedenk's Jewellery Boutique.
 29314 | Orc:2    | Bought the ring "Yjoixt" {rPois Int+4 Dex+5 Stlth+} for 681 gold pieces
 29350 | Orc:2    | Learned a level 1 spell: Apportation
 29489 | Lair:2   | Got a bloodstained hunting sling
 29490 | Lair:2   | Identified the +8 hunting sling of Callousness {flame, MR+} (You found it on level 2 of the Lair of Beasts)
 30534 | Orc:2    | Noticed an orc warlord
 30551 | Orc:2    | Killed an orc warlord
 30603 | Orc:2    | Found Igrud's Antique Weapon Boutique.
 30616 | Orc:2    | Found Yrehak's Antique Armour Shop.
 30619 | Orc:2    | Found a roughly hewn altar of Beogh.
 30863 | Swamp:1  | Entered Level 1 of the Swamp
 30949 | Swamp:1  | Reached skill level 10 in Invocations
 31707 | Swamp:1  | Reached skill level 10 in Armour
 32251 | Swamp:2  | Noticed Louise
 32555 | Swamp:2  | Received a gift from Okawaru
 33009 | Swamp:2  | Received a gift from Okawaru
 33012 | Swamp:2  | Got a translucent lajatang {god gift}
 33018 | Swamp:2  | Identified the +6 lajatang of Gin and Tonic {pain, rN+ Int+7} (Okawaru gifted it to you on level 2 of the Swamp)
 33685 | Swamp:2  | Noticed Jorgrun
 33707 | Swamp:2  | Reached XP level 15. HP: 106/115 MP: 24/28
 33932 | Swamp:2  | Got an ichor-stained scale mail
 33933 | Swamp:2  | Identified the +5 scale mail of Raocweq {Str+3} (You found it on level 2 of the Swamp)
 34146 | Swamp:2  | Killed Louise
 34146 | Swamp:2  | Reached skill level 10 in Fighting
 34146 | Swamp:2  | Reached skill level 10 in Short Blades
 34146 | Swamp:2  | Reached skill level 10 in Dodging
 34146 | Swamp:2  | Reached skill level 10 in Shields
 34146 | Swamp:2  | Reached skill level 10 in Evocations
 34329 | Swamp:2  | Killed Jorgrun
 34329 | Swamp:2  | Reached skill level 10 in Stealth
 34985 | Lair:5   | Received a gift from Okawaru
 35396 | Lair:4   | Received a gift from Okawaru
 35740 | Lair:5   | Reached skill level 11 in Armour
 36364 | Lair:5   | Received a gift from Okawaru
 36366 | Lair:5   | Found a staircase to the Slime Pits.
 36713 | Lair:5   | Killed MordorOrchid's ghost
 36872 | Lair:6   | Entered Level 6 of the Lair of Beasts
 36918 | Lair:6   | Received a gift from Okawaru
 37040 | Lair:6   | Reached skill level 10 in Long Blades
 37040 | Lair:6   | Reached skill level 10 in Maces & Flails
 37040 | Lair:6   | Reached skill level 10 in Polearms
 37040 | Lair:6   | Reached skill level 10 in Staves
 37040 | Lair:6   | Reached skill level 10 in Slings
 37040 | Lair:6   | Reached skill level 10 in Bows
 37040 | Lair:6   | Reached skill level 10 in Crossbows
 37040 | Lair:6   | Reached skill level 10 in Throwing
 37040 | Lair:6   | Reached skill level 10 in Unarmed Combat
 37040 | Lair:6   | Reached skill level 10 in Spellcasting
 38719 | Lair:6   | Found a burning altar of Makhleb.
 39071 | D:12     | Killed wlmhamsi's ghost
 39257 | D:13     | Bought an uncursed ring of see invisible for 240 gold pieces
 39421 | D:14     | Found a hide-covered altar of Uskayaw.
 39515 | D:14     | Received a gift from Okawaru
 39515 | D:14     | Reached XP level 16. HP: 102/124 MP: 24/30
 39578 | D:14     | Found Ughuhod's Food Boutique.
 39592 | D:14     | Noticed Rupert
 39632 | D:14     | Killed Rupert
 40012 | D:14     | Found a gate to the Vaults.
 40024 | D:14     | Found a snail-covered altar of Cheibriados.
 40304 | D:14     | Reached skill level 12 in Armour
 40406 | D:14     | Found a transporter.
 40513 | D:14     | Noticed Josephine
 40592 | D:14     | Killed Josephine
 40749 | D:14     | Received a gift from Okawaru
 41272 | D:14     | Received a gift from Okawaru
 41621 | D:14     | Found a roughly hewn altar of Beogh.
 41700 | D:14     | Found a transporter.
 41763 | D:14     | Identified the Incunabulum of Black Arts
 42028 | Spider:1 | Entered Level 1 of the Spider Nest
 42038 | Spider:1 | Received a gift from Okawaru
 42039 | Spider:1 | Found the +2 pair of boots of the Assassin {Detection Stab+ Stlth++}
 43621 | Spider:1 | Reached XP level 17. HP: 131/131 MP: 32/32
 43693 | Spider:1 | You fall through a shaft!
 43819 | Spider:2 | Reached skill level 13 in Armour
 44193 | Spider:1 | Received a gift from Okawaru
 44494 | Spider:2 | Found the +2 cloak of the Thief {+Fog Slay-2 SInv Stlth+}
 44685 | Spider:2 | Received a gift from Okawaru
 46207 | Spider:3 | Received a gift from Okawaru
 47331 | D:14     | Got a sparkling brass ring
 47333 | D:14     | Identified the ring "Juopt" {rElec rF- Str+3 Int+3 Dex+2} (You found it on level 14 of the Dungeon)
 47557 | D:15     | Entered Level 15 of the Dungeon
 47851 | D:15     | Found a labyrinth entrance.
 47858 | Lab      | Entered a labyrinth
 48030 | Lab      | Got a smoking broad axe
 48052 | Lab      | Identified the cursed +0 broad axe "Backscratcher" {antimagic, rElec Int-2 Dex+6} (You found it in a labyrinth)
 48063 | D:15     | Noticed Kirke
 48091 | D:15     | Killed Kirke
 48478 | D:15     | Found a staircase to the Depths.
 48633 | D:15     | Found Efris's Assorted Antiques.
 49690 | Depths:1 | Entered Level 1 of the Depths
 49692 | Depths:1 | Noticed Mara
 50012 | Spider:4 | Entered Level 4 of the Spider Nest
 50487 | Spider:4 | Reached skill level 10 in Conjurations
 50487 | Spider:4 | Reached skill level 10 in Hexes
 50487 | Spider:4 | Reached skill level 10 in Charms
 50487 | Spider:4 | Reached skill level 10 in Summonings
 50487 | Spider:4 | Reached skill level 10 in Necromancy
 50487 | Spider:4 | Reached skill level 10 in Translocations
 50487 | Spider:4 | Reached skill level 10 in Transmutations
 50487 | Spider:4 | Reached skill level 10 in Fire Magic
 50487 | Spider:4 | Reached skill level 10 in Ice Magic
 50487 | Spider:4 | Reached skill level 10 in Air Magic
 50487 | Spider:4 | Reached skill level 10 in Earth Magic
 50487 | Spider:4 | Reached skill level 10 in Poison Magic
 50993 | Spider:4 | Reached XP level 18. HP: 140/140 MP: 33/33
 51133 | Spider:4 | Received a gift from Okawaru
 51213 | Spider:4 | Reached skill level 14 in Armour
 51482 | Spider:4 | Received a gift from Okawaru
 52130 | Elf:1    | Entered Level 1 of the Elven Halls
 52236 | Elf:1    | Noticed a Tzitzimitl
 53071 | Swamp:3  | Noticed Donald
 53740 | Swamp:3  | Found a runed door.
 54884 | Swamp:3  | Killed Donald
 55140 | Swamp:4  | Entered Level 4 of the Swamp
 55338 | Swamp:4  | Received a gift from Okawaru
 55370 | Swamp:4  | Identified a scroll of acquirement
 56369 | Swamp:4  | Got a decaying rune of Zot
 57089 | Vaults:1 | Entered Level 1 of the Vaults
 57197 | Depths:1 | Found a shattered altar of Ashenzari.
 57564 | Depths:1 | Mangled by an iron troll

Skill      XL: |  1  2  3  4  5  6  7  8  9 10 11 12 13 14 15 16 17 18 |
---------------+-------------------------------------------------------+-----
Invocations    | 1 2 3 4 5 6 7 8 9 10 11 12 13 | 13.3
Long Blades    | 1 2 3 4 5 6 7 8 9 10 11 12 | 12.3
Maces & Flails | 1 2 3 4 5 6 7 8 9 10 11 12 | 12.3
Polearms       | 1 2 3 4 5 6 7 8 9 10 11 12 | 12.3
Staves         | 1 2 3 4 5 6 7 8 9 10 11 12 | 12.3
Slings         | 1 2 3 4 5 6 7 8 9 10 11 12 | 12.3
Bows           | 1 2 3 4 5 6 7 8 9 10 11 12 | 12.3
Crossbows      | 1 2 3 4 5 6 7 8 9 10 11 12 | 12.3
Throwing       | 1 2 3 4 5 6 7 8 9 10 11 12 | 12.3
Unarmed Combat | 1 2 3 4 5 6 7 8 9 10 11 12 | 12.3
Spellcasting   | 1 2 3 4 5 6 7 8 9 10 11 12 | 12.3
Conjurations   | 1 2 3 4 5 6 7 8 9 10 | 10.5
Hexes          | 1 2 3 4 5 6 7 8 9 10 | 10.5
Charms         | 1 2 3 4 5 6 7 8 9 10 | 10.5
Summonings     | 1 2 3 4 5 6 7 8 9 10 | 10.5
Necromancy     | 1 2 3 4 5 6 7 8 9 10 | 10.5
Translocations | 1 2 3 4 5 6 7 8 9 10 | 10.5
Transmutations | 1 2 3 4 5 6 7 8 9 10 | 10.5
Fire Magic     | 1 2 3 4 5 6 7 8 9 10 | 10.5
Ice Magic      | 1 2 3 4 5 6 7 8 9 10 | 10.5
Air Magic      | 1 2 3 4 5 6 7 8 9 10 | 10.5
Earth Magic    | 1 2 3 4 5 6 7 8 9 10 | 10.5
Poison Magic   | 1 2 3 4 5 6 7 8 9 10 | 10.5
Fighting       | 3 4 5 6 7 8 9 10 11 12 | 12.5
Short Blades   | 3 4 5 6 7 8 9 10 11 12 | 12.5
Armour         | 3 4 5 6 7 8 9 10 11 12 13 14 | 14.9
Dodging        | 3 4 5 6 7 8 9 10 11 12 | 12.5
Shields        | 3 4 5 6 7 8 9 10 11 12 | 12.5
Evocations     | 3 4 5 6 7 8 9 10 11 12 | 12.5
Stealth        | 3 4 5 6 7 8 9 10 11 12 | 12.5
Axes           | 7 8 9 10 11 12 13 | 13.6

Action                   |  1- 3 |  4- 6 |  7- 9 | 10-12 | 13-15 | 16-18 || total
-------------------------+-------+-------+-------+-------+-------+-------++-------
Melee: Falchion          |    87 |    82 |       |       |       |       ||   169
       Bite              |    13 |    13 |    59 |    93 |   270 |   186 ||   634
       Flail             |       |   128 |   185 |       |       |       ||   313
       Whip              |       |       |   315 |   739 |   951 |   487 ||  2492
       Punch             |       |       |     2 |       |       |       ||     2
       Halberd           |       |       |       |    41 |       |       ||    41
       Scimitar          |       |       |       |       |    59 |   200 ||   259
       Lajatang          |       |       |       |       |    12 |       ||    12
 Fire: Hunting sling     |       |       |       |   288 |  1226 |  2245 ||  3759
       Blowgun           |       |       |       |    10 |    55 |       ||    65
Throw: Stone             |    44 |    65 |    69 |    25 |       |     7 ||   210
       Tomahawk          |       |     7 |    18 |    21 |    66 |     9 ||   121
       Throwing net      |       |       |       |     4 |       |       ||     4
       Javelin           |       |       |       |       |     4 |    15 ||    19
 Cast: Corona            |       |     2 |       |       |    10 |     8 ||    20
       Ensorcelled Hiber |       |       |     1 |       |    18 |       ||    19
       Mephitic Cloud    |       |       |       |       |    14 |    45 ||    59
       Apportation       |       |       |       |       |     7 |    13 ||    20
       Confuse           |       |       |       |       |     1 |       ||     1
Invok: Heroism           |       |       |       |     5 |     5 |     9 ||    19
 Abil: Evoke Flight      |       |       |       |       |     1 |     1 ||     2
       Evoke Invisibilit |       |       |       |       |       |     2 ||     2
Evoke: Wand              |     6 |     8 |     3 |    22 |    27 |    26 ||    92
       Sack of spiders   |       |       |       |       |       |     3 ||     3
       Lamp of fire      |       |       |       |       |       |     1 ||     1
  Use: Scroll            |       |     8 |     6 |    17 |    11 |    11 ||    53
       Potion            |       |       |     1 |     1 |     1 |     2 ||     5
 Stab: Sleeping          |     1 |     2 |     4 |     4 |     6 |     1 ||    18
       Paralysed         |       |       |     4 |     6 |    12 |       ||    22
       Held in net/web   |       |       |       |     1 |       |       ||     1
       Confused          |       |       |       |       |    16 |    10 ||    26
       Fleeing           |       |       |       |       |     1 |       ||     1
       Distracted        |       |       |       |       |       |     2 ||     2
       Invisible         |       |       |       |       |       |     1 ||     1
  Eat: Chunk             |     2 |    12 |    22 |    20 |    33 |    39 ||   128
       Ration            |     1 |       |       |     5 |     5 |     5 ||    16
Armor: Robe              |     3 |       |       |       |       |       ||     3
       Leather armour    |     8 |    60 |    35 |       |       |       ||   103
       Scale mail        |       |       |   162 |   255 |       |       ||   417
       Troll leather arm |       |       |    12 |       |       |       ||    12
       Chain mail        |       |       |       |    17 |   365 |   405 ||   787
       Ice dragon scales |       |       |       |       |       |     1 ||     1
Dodge: Dodged            |    39 |    97 |   185 |   279 |   435 |   576 ||  1611
Block: Shield            |    40 |    97 |   186 |   290 |   554 |   896 ||  2063
       Rpst.: Falchion   |    19 |    12 |       |       |       |       ||    31
       Scimitar          |       |       |       |       |     9 |     8 ||    17
